 Dungeon Crawl Stone Soup version 0.30-a0-219-gf2db51d15e (webtiles) character file.

Game seed: 6830734953291730852

39 Flugkiller the Vexing (level 3, -3/26 HPs)
             Began as a Mummy Hexslinger on Oct 7, 2022.
             Was an Initiate of Cheibriados.
             Killed from afar by Sigmund (6 damage)
             ... with a magic dart
             ... on level 2 of the Dungeon.
             The game lasted 00:01:59 (1106 turns).

Flugkiller the Vexing (Mummy Hexslinger)            Turns: 1106, Time: 00:02:00

Health: -3/26      AC:  4    Str: 14    XL:     3   Next: 26%
Magic:  6/6        EV: 12    Int: 15    God:    Cheibriados [......]
Gold:   72         SH:  0    Dex: 13    Spells: 5/6 levels left

rFire   x . .      SeeInvis .    a - +1 sling
rCold   + . .      Faith    +    (no shield)
rNeg    + + +      Spirit   .    c - +0 robe
rPois   ∞          Reflect  +    (no helmet)
rElec   .          Harm     .    (no cloak)
rCorr   .          Rampage  .    j - +0 pair of gloves
Will    .....                    e - +0 pair of boots
Stlth   +.........               f - amulet of reflection
HPRegen 0.24/turn                (no ring)
MPRegen 0.10/turn                (no ring)

@: confused, very slow
A: cold resistance 1, negative energy resistance 3, torment resistance 2, heat
vulnerability 1, in touch with death 1, no potions, faith
a: Renounce Religion


You were on level 2 of the Dungeon.
You worshipped Cheibriados.
Cheibriados was noncommittal.
You visited 1 branch of the dungeon, and saw 2 of its levels.

You collected 72 gold pieces.

Inventory:

Hand Weapons
 a - a +1 sling (weapon)
Missiles
 d - a throwing net
Armour
 c - a +0 robe (worn)
 e - a +0 pair of boots (worn)
   (You found it on level 1 of the Dungeon)
 j - a +0 pair of gloves (worn)
   (You found it on level 1 of the Dungeon)
Jewellery
 f - an amulet of reflection (around neck)
   (You found it on level 1 of the Dungeon)
 i - a ring of fire
   (You found it on level 1 of the Dungeon)
Scrolls
 g - 2 scrolls of enchant armour
 k - a scroll of butterflies
 r - 2 scrolls of identify
 t - a scroll of teleportation


   Skills:
 + Level 1.4 Fighting
 * Level 2.1 Ranged Weapons
 - Level 1.5 Dodging
 + Level 2.1 Spellcasting
 * Level 3.2 Hexes


You had 5 spell levels left.
You knew the following spells:

 Your Spells              Type           Power      Damage    Failure   Level
a - Slow                  Hex            44%        N/A       6%          1

Your spell library contained the following spells:

 Spells                   Type           Power      Damage    Failure   Level
 Inner Flame              Hex/Fire       6%         N/A       34%         3
 Portal Projectile        Hex/Tloc       12%        N/A       34%         3
 Cause Fear               Hex            5%         N/A       50%         4


Dungeon Overview and Level Annotations

Branches:
Dungeon (2/15) Zot: 16341

Altars:
Cheibriados

Annotations:
D:2 Sigmund


Innate Abilities, Weirdness & Mutations

You are immune to poison.
Your flesh is cold resistant. (rC+)
You are immune to negative energy. (rN+++)
You are immune to unholy pain and torment.
You are vulnerable to heat. (rF-)
You are in touch with the powers of death.
You do not drink.
You have a special connection with the divine. (Faith)


Message History

A giant cockroach is nearby!
You shoot a sling bullet.
The sling bullet hits the giant cockroach.
The giant cockroach is almost dead.
You shoot a sling bullet.
The sling bullet completely misses the giant cockroach.
You shoot a sling bullet.
The sling bullet hits the giant cockroach but does no damage.
The giant cockroach is almost dead.
You shoot a sling bullet.
The sling bullet hits the giant cockroach.
You kill the giant cockroach!
Cheibriados thoroughly appreciates the change of pace.
You have reached level 3!
Your experience leads to an increase in your attributes!
Your base attributes are Str 13, Int 12, Dex 12.
Increase (S)trength, (I)ntelligence, or (D)exterity?
You feel clever. x2
You feel more in touch with the powers of death.
Unknown command.
An adder comes into view.
Found a club.
An adder is nearby!
You shoot a sling bullet. The sling bullet hits the adder.
The adder hisses angrily.
The adder is moderately wounded.
You shoot a sling bullet.
The sling bullet closely misses the adder.
You shoot a sling bullet. The sling bullet hits the adder.
The adder is almost dead.
You shoot a sling bullet.
The sling bullet hits the adder but does no damage.
The adder is almost dead.
The adder bites you but does no damage. You block the adder's attack.
You shoot a sling bullet.
The sling bullet barely misses the adder.
The adder closely misses you. The adder barely misses you.
You shoot a sling bullet.
The sling bullet closely misses the adder.
The adder closely misses you.
You shoot a sling bullet. The sling bullet hits the adder.
You kill the adder!
Cheibriados thoroughly appreciates the change of pace.
No target in view!
You see here an adder corpse.
You see here a +0 club.
Found a stone staircase leading down.
There is a stone staircase leading down here.
An endoplasm comes into view.
Found a stone staircase leading down.
An endoplasm is nearby!
You shoot a sling bullet. The sling bullet hits the endoplasm!
You kill the endoplasm!
Cheibriados appreciates the change of pace.
No target in view!
There is a stone staircase leading down here.
Found a ring mail.
Sigmund the Dreaded comes into view.
He is wielding a +0 scythe.
You shoot a sling bullet.
The sling bullet hits Sigmund but does no damage.
Sigmund shouts!
Casting: Slow (safe; 6% risk of failure)
Confirm with . or Enter, or press ? or * to list all spells.
Aiming: Slow (safe; 6% risk of failure)
Press: ? - help, Shift-Dir - straight line, f/p - Sigmund
Aim: Sigmund, wielding a +0 scythe and wearing a +0 robe (chance to affect: 58%) Sigmund seems to slow down.
Sigmund gestures at you while chanting. The puff of flame hits you!
The fire burns you terribly!
You aren't carrying any items that you can evoke.
Unknown command.
Okay, then.
Sigmund drinks a potion.
Sigmund seems to speed up.
Sigmund casts a spell at you. The magic dart hits you.
Sigmund mumbles some strange words.
Sigmund flickers and vanishes!
Deactivating autopickup; reactivate with Ctrl-A.
Unknown command.
You can't see any enemies this would affect, really read the scroll of poison?
The air fills with toxic fumes!
As you read the scroll of poison, it crumbles to dust.
You block something's attack.
Unknown command.
A magic dart appears from out of thin air!
The magic dart hits you!
You are confused.
A magic dart appears from out of thin air!
The magic dart hits you! Something completely misses you.
You bump into the rock wall.
A magic dart appears from out of thin air!
The magic dart hits you!
* * * LOW HITPOINT WARNING * * *
Something hits you but does no damage.
You feel less confused.
You are confused.
A magic dart appears from out of thin air!
The magic dart hits you.
You die...

###..# #.###☼...........@..
.....# .....☼..............
###..# # #.###○#...#@####.###
# #..# #.#.#.☼§..#.#.# #.#
###<.#######.#°#.☼°☼{..#.#
#.#
...............☼☼.§☼#☼.☼.#
#.#
###............#○☼.○..#####
#.#
#..........#°○○§.°○§.°......#
#.####.......°@###○##########
... .###.###.# #.# ... ...
....... ...# .. .......##
.#... ...#.....# #... .#...#
..#[ ..#..# ..#.. #. .#.


There were no monsters in sight!

Vanquished Creatures
  An adder (D:2)
  A dart slug (D:1)
  2 bats (D:1)
  3 endoplasms
  4 giant cockroaches
  2 goblins (D:1)
  3 hobgoblins
  3 quokkas
  2 ball pythons
  2 frilled lizards (D:1)
  A kobold (D:1)
  A rat (D:1)
25 creatures vanquished.

Notes
Turn   | Place    | Note
-------+----------+-------------------------------------------
     0 | D:1      | Flugkiller the Mummy Hexslinger began the quest for the
                  | Orb.
     0 | D:1      | Reached XP level 1. HP: 15/15 MP: 2/2
   152 | D:1      | Reached XP level 2. HP: 21/21 MP: 4/4
   235 | D:1      | Reached skill level 3 in Hexes
   434 | D:1      | Found a faded altar of an unknown god.
   714 | D:2      | Found a snail-covered altar of Cheibriados.
   902 | D:2      | Became a worshipper of Cheibriados the Contemplative
  1010 | D:2      | Gained mutation: You are in touch with the powers of death.
                  | [Mummy growth]
  1010 | D:2      | Reached XP level 3. HP: 26/26 MP: 6/6
  1063 | D:2      | Noticed Sigmund
  1106 | D:2      | Killed from afar by Sigmund

Illustrated notes

Levels and vault maps discovered:
D:1:      dpeg_arrival_castle, layout_basic, ebering_ecumenical_altar_abandoned
D:2:      layout_loops_ring, basic_altar, minmay_increasing_density,
          uniq_sigmund

Skill      XL: |  1  2 |
---------------+-------+-----
Hexes          | 3 |  3.2
Ranged Weapons | 2 |  2.1
Spellcasting   | 2 |  2.1
Fighting       | |  1.4
Dodging        | |  1.5

Action                   || total
-------------------------++-------
 Fire: Sling             ||    95
 Cast: Slow              ||     1
  Use: Scroll            ||     4
Armor: Robe              ||    13
Dodge: Dodged            ||    32
Block: Other             ||    12

Table legend: (Time is in decaauts)
 A = Elapsed time spent in this place.
 B = Non-inter-level travel time spent in this place.
 C = Inter-level travel time spent in this place.
 D = Time resting spent in this place.
 E = Time spent auto-exploring this place.
 F = Levels seen in this place.
 G = Mean time per level.
                   A        B        C        D        E       F      G
               +--------+--------+--------+--------+--------+-----+--------+
         Total |   1193 |   1117 |     76 |     57 |    730 |   2 |  596.5 |
       Dungeon |   1193 |   1117 |     76 |     57 |    730 |   2 |  596.5 |
               +--------+--------+--------+--------+--------+-----+--------+

Top non-repeatable levels by time:
     D:1: 790 daAuts
     D:2: 402 daAuts
